 Dungeon Crawl Stone Soup version 0.18-a0-1418-ga86aa8f (webtiles) character file.

360 M4edhros the Insei (level 6, -6/38 HPs)
             Began as an Octopode Artificer on Feb 26, 2016.
             Mangled by an ogre
             ... wielding a +0 giant club
              (22 damage)
             ... on level 4 of the Dungeon.
             The game lasted 00:02:49 (2899 turns).

M4edhros the Insei (Octopode Artificer)             Turns: 2899, Time: 00:02:50

Health: -6/38      AC:  1    Str: 10    XL:     6   Next: 65%
Magic:  8/8        EV: 12    Int: 17    God:
Gold:   182        SH:  0    Dex: 12    Spells: 0 memorised, 5 levels left

rFire  . . .     SeeInvis .       - Unarmed
rCold  . . .     Gourm    .     (no shield)
rNeg   . . .     Faith    .     (helmet restricted)
rPois  .         Spirit   .     (no amulet)
rElec  .         Dismiss  .     (no ring)
rCorr  .         Reflect  .     (no ring)
SustAt .         Harm     .     (no ring)
MR     .....                    (no ring)
Stlth  +++.......               (no ring)
                                (no ring)
                                (no ring)
                                (no ring)

@: not resistant to hostile enchantments, fairly stealthy
A: almost no armour, amphibious, 8 rings, constrict 8, camouflage 1, gelatinous
body 1
a: no special abilities


You were on level 4 of the Dungeon.
You were not hungry.

You visited 1 branch of the dungeon, and saw 4 of its levels.

You collected 182 gold pieces.

Inventory:

Missiles
 i - 15 sling bullets
 n - 16 stones (quivered)
Wands
 b - a wand of flame (13/48)
 c - a wand of enslavement (12/24)
 d - a wand of random effects (12/48)
Scrolls
 a - 2 scrolls of teleportation {unknown}
 e - a scroll of blinking {unknown}
 h - a scroll of noise {unknown}
 k - 3 scrolls of enchant weapon {unknown}
 l - 3 scrolls of identify {unknown}
 m - a scroll of remove curse {unknown}
 p - a scroll of magic mapping {unknown}
 q - 2 scrolls of fog {unknown}
Potions
 j - a potion of cure mutation
 o - a potion of magic
 s - a potion of might
 u - a potion of heal wounds
 v - 2 potions of lignification {unknown}
Comestibles
 f - 2 bread rations
 g - 2 meat rations
 r - 2 fruits


   Skills:
 - Level 1.0 Fighting
   Level 1.0 Short Blades
 - Level 2.0 Dodging
 - Level 1.3 Stealth
 + Level 6.4 Unarmed Combat
 - Level 3.2 Evocations


You had 5 spell levels left.
You didn't know any spells.

Dungeon Overview and Level Annotations

Branches:
Dungeon (4/15)
 Temple: D:4-7

Altars:
Nemelex Xobeh


Innate Abilities, Weirdness & Mutations

You cannot wear most types of armour.
You are amphibious.
You can wear up to eight rings at the same time.
You can use your tentacles to constrict eight enemies at once.
Your skin changes colour to match your surroundings (Stealth).
Your rubbery body absorbs attacks (AC +1).


Message History

Press: ? - help, Shift-Dir - straight line, f - ogre
Aim: an ogre, wielding a giant club The bolt of negative energy hits the ogre.
The ogre is drained!
The ogre is heavily wounded.
This wand has 12 charges left.
You constrict Blork the orc.
Blork the orc points at you and mumbles some strange words.
The puff of flame hits you!
All of the chunks of flesh in your inventory have rotted away.
You tentacle-slap Blork the orc but do no damage.
Blork the orc is almost dead.
You constrict Blork the orc.
Blork the orc hits you with a short sword.
Unknown command.
Unknown command.
You tentacle-slap Blork the orc.
You kill Blork the orc!
The ogre hits you with a giant club!!
Ouch! That really hurt!
You die...

......### .....## ##...
.. .....# # ....###.
.....# ##< #...... #
.....# ..####..... ..
..##.........#.....##...
..#######.##......(.....
...####...#.....O...#..#
................@).)..#
##........##............
.........####....!......
.##................#....
.........###.......# ...
.##......# #.......# ..
###.#.#####.....## .
#.#......#$..##
#(######.#####


You could see an ogre.

Vanquished Creatures
  An ogre (D:4)
  Blork the orc (D:4)
  A howler monkey (D:4)
  2 hounds (D:4)
  2 adders
  A shadow imp (D:4)
  2 oozes
  2 worms
  2 dart slugs (D:1)
  2 giant geckos
  4 orcs (D:3)
  3 ball pythons (D:3)
  2 giant cockroaches
  10 hobgoblins
  10 jackals
  10 kobolds
  A quokka (D:2)
  8 bats
  2 giant newts (D:1)
  5 goblins
  8 rats
79 creatures vanquished.

Vanquished Creatures (others)
  A worker ant (D:4)
1 creature vanquished.

Grand Total: 80 creatures vanquished

Notes
Turn   | Place    | Note
--------------------------------------------------------------
     0 | D:1      | M4edhros the Octopode Artificer began the quest for the Orb.
     0 | D:1      | Reached XP level 1. HP: 13/13 MP: 3/3
    45 | D:1      | Reached skill level 1 in Unarmed Combat
   147 | D:1      | Reached XP level 2. HP: 12/18 MP: 4/4
   449 | D:1      | Found a sparkling altar of Nemelex Xobeh.
   498 | D:1      | Reached skill level 2 in Unarmed Combat
   681 | D:1      | Reached XP level 3. HP: 14/23 MP: 5/5
  1307 | D:2      | Reached skill level 3 in Unarmed Combat
  1876 | D:3      | Reached XP level 4. HP: 23/28 MP: 6/6
  2187 | D:3      | Reached skill level 4 in Unarmed Combat
  2656 | D:4      | Reached XP level 5. HP: 25/33 MP: 7/7
  2685 | D:4      | Reached skill level 5 in Unarmed Combat
  2780 | D:4      | Noticed an ogre
  2835 | D:4      | Killed an ogre
  2835 | D:4      | Reached skill level 6 in Unarmed Combat
  2835 | D:4      | Reached XP level 6. HP: 38/38 MP: 8/8
  2886 | D:4      | Noticed Blork the orc
  2899 | D:4      | Killed Blork the orc
  2899 | D:4      | Mangled by an ogre

Vault maps used:
D:1:      mainiacjoe_arrival_reflecting_pool, nemelex_xobeh_ov_fountains_minmay
D:2:      first_bread
D:4:      uniq_blork_the_orc

Skill      XL: |  1  2  3  4  5 |
---------------+----------------+-----
Unarmed Combat | 1 2 3 4 6 |  6.4
Fighting       | |  1.0
Short Blades   | |  1.0
Dodging        | |  2.0
Stealth        | |  1.3
Evocations     | |  3.2

Action                   |  1- 3 |  4- 6 || total
-------------------------+-------+-------++-------
Melee: Unarmed           |    96 |    90 ||   186
Evoke: Wand              |       |     8 ||     8
  Use: Potion            |       |     6 ||     6
 Stab: Sleeping          |     5 |     8 ||    13
  Eat: Chunk             |     2 |     4 ||     6
